 Dungeon Crawl Stone Soup version 0.29.0-11-gd7f09526c8 (webtiles) character file.

Game seed: 10225745818592325752

1701 Flugkiller the Cleaver (level 8, -4/74 HPs)
             Began as a Minotaur Fighter on Sept 4, 2022.
             Was a Believer of Okawaru.
             Slain by a hornet (10 damage)
             ... while paralysed by a hornet
             ... on level 6 of the Dungeon.
             The game lasted 00:02:38 (6366 turns).

Flugkiller the Cleaver (Minotaur Fighter)           Turns: 6366, Time: 00:02:38

Health: -4/74      AC:  9    Str: 22    XL:     8   Next: 73%
Magic:  8/9        EV:  2    Int:  5    God:    Okawaru [**....]
Gold:   253        SH:  0    Dex: 11    Spells: 7/7 levels left

rFire   . . .      SeeInvis .   l - +5 broad axe (elec)
rCold   . . .      Faith    .   c - +0 buckler
rNeg    . . .      Spirit   .   b - +0 scale mail
rPois   .          Reflect  .   (helmet restricted)
rElec   .          Harm     .   (no cloak)
rCorr   .          Rampage  .   (no gloves)
Will    .....                   (no boots)
Stlth   +.........              (no amulet)
HPRegen 0.22/turn               e - ring of flight
MPRegen 0.11/turn               (no ring)

@: paralysed, mighty, heroic, flying, slowed, studying Fighting
A: horns 2, retaliatory headbutt
a: Renounce Religion, Heroism


You were on level 6 of the Dungeon.
You worshipped Okawaru.
Okawaru was pleased with you.
You visited 1 branch of the dungeon, and saw 6 of its levels.
You also visited: Ossuary.

You collected 253 gold pieces.

Inventory:

Hand Weapons
 l - a +5 broad axe of electrocution (weapon)
   (You acquired it on level 5 of the Dungeon)
Missiles
 j - 13 boomerangs (quivered)
Armour
 b - a +0 scale mail (worn)
 c - a +0 buckler (worn)
Jewellery
 a - a +6 ring of dexterity
   (You found it on level 6 of the Dungeon)
 e - a ring of flight (left hand)
   (You found it on level 3 of the Dungeon)
Wands
 m - a wand of roots (9)
   (You found it in an ossuary)
 p - a wand of paralysis (1)
   (You took it off Ijyb on level 3 of the Dungeon)
 u - a wand of mindburst (15)
   (You found it in an ossuary)
Scrolls
 g - a scroll of enchant weapon {unknown}
 k - a scroll of fear {unknown}
 r - 2 scrolls of identify
 s - 2 scrolls of immolation
 y - a scroll of magic mapping {unknown}
 z - a scroll of blinking
Potions
 d - 2 potions of might
 f - a potion of haste {unknown}
 h - a potion of cancellation {unknown}
 i - 2 potions of mutation {unknown}
 n - a potion of attraction {unknown}
 o - a potion of berserk rage {unknown}
 t - a potion of degeneration {unknown}
 v - a potion of heal wounds {unknown}
 w - a potion of invisibility {unknown}
 x - a potion of lignification {unknown}
 A - a potion of brilliance {unknown}


   Skills:
 + Level 8.3(13.3) Fighting
 * Level 9.2(14.2) Axes
 + Level 7.2(12.2) Armour
 - Level 3.6(8.6) Shields
 + Level 3.7 Invocations


You had 7 spell levels left.
You didn't know any spells.
Your spell library was empty.

Dungeon Overview and Level Annotations

Branches:
Dungeon (6/15)             Temple (0/1) D:5         Ossuary (visited)

Altars:
Cheibriados
Dithmenos
Fedhas
Nemelex Xobeh
Okawaru
Xom


Innate Abilities, Weirdness & Mutations

You have a pair of horns on your head.
You reflexively headbutt those who attack you in melee.


Message History

The wraith completely misses you.
You closely miss the wraith.
The wraith is almost destroyed.
You block the wraith's attack. The wraith hits you!
* * * LOW HITPOINT WARNING * * *
The wraith drains your vigour!
You feel as though you will be slow longer.
You slash the wraith! Lightning courses through the wraith!
You destroy the wraith!
Okawaru accepts your kill.
Your base Fighting skill increases to level 8!
Your base Axes skill increases to level 9!
You start resting.
Magic restored.
You start resting.
You feel like a meek peon again.
You feel yourself speed up.
HP restored.
Done exploring.
Done exploring.
Done exploring.
Done exploring.
The flying skull gives a hideous shriek!
You see here a scroll of summoning.
There is an open door here.
The flying skull gives a hideous shriek!
There is an open door here.
There is an open door here.
There is an open door here.
There is a gate leading back out of this place here.
Welcome back to the Dungeon!
There is a collapsed entrance here.
Unknown command.
You now have 253 gold pieces (gained 14).
There is an open door here.
A hornet comes into view.
A hornet is nearby!
A hornet is nearby!
You gain the combat prowess of a mighty hero.
You hit the hornet. Lightning courses through the hornet!
Your headbutt misses the hornet.
The hornet is heavily wounded.
The hornet closely misses you.
You barely miss the hornet.
The hornet is heavily wounded.
The hornet stings you.
You feel yourself slow down.
You miss the hornet.
The hornet is heavily wounded.
The hornet stings you.
You are poisoned.
You feel as though you will be slow longer.
The hornet stings you!
You feel as though you will be slow longer.
You closely miss the hornet.
The hornet is heavily wounded.
You feel very sick. The hornet stings you.
You feel as though you will be slow longer.
The hornet stings you!
You feel as though you will be slow longer.
You miss the hornet. Your headbutt misses the hornet.
The hornet is heavily wounded.
You feel sick. You block the hornet's attack. The hornet stings you!
You are more poisoned.
You suddenly lose the ability to move!
You feel very sick. The hornet stings you!
* * * LOW HITPOINT WARNING * * *
You feel as though you will be slow longer.
The hornet stings you but does no damage.
You can move again.
You feel better. The hornet stings you!
* * * LOW HITPOINT WARNING * * *
You are poisoned.
You feel as though you will be slow longer.
The hornet misses you.
Blink to where?
Press: ? - help, Dir - move target
As you read the scroll of blinking, it crumbles to dust.
You feel very sick.
You feel better.
Okay, then.
Okay, then.
You feel very mighty all of a sudden.
You closely miss the hornet.
The hornet is moderately wounded.
The hornet stings you!
* * * LOW HITPOINT WARNING * * *
You feel as though you will be slow longer.
Unknown command.
You slash the hornet!
The hornet is heavily wounded.
The hornet stings you.
* * * LOW HITPOINT WARNING * * *
You feel as though you will be slow longer.
The hornet stings you.
* * * LOW HITPOINT WARNING * * *
You suddenly lose the ability to move!
The hornet stings you!
You die...

#... #$. #.. #.# #.#
##.############
#>............#
####..##..#......# #..
#..........y@....# #.#
#.#####'#####....#####
#.#
#..##.....##..##.....#
#.#
##..##...##..###..##.##
#.#
##..##.##..####...)..#
#.#
##..###.....###.##))#
#.# #...#......#
#.##..###.###
.......#...#....#
#.##<........
#########.##....#
#.###.......#


You could see a hornet.

Vanquished Creatures
  Grinder (D:3)
  2 wraiths (Ossuary)
  An orc warrior (D:6)
  An ogre (D:6)
  2 phantoms
  A necrophage (D:5)
  A gnoll sergeant (D:6)
  5 wights (Ossuary)
  A gnoll bouda (D:4)
  A hound (D:5)
  Ijyb (D:3)
  2 iguanas
  An orc wizard (D:4)
  Terence (D:3)
  A mummy (D:6)
  12 gnolls
  8 adders
  A shadow imp (D:5)
  3 worms
  A dart slug (D:1)
  12 orcs
  2 ball pythons (D:1)
  5 bats
  2 endoplasms
  2 giant cockroaches (D:2)
  13 goblins
  6 hobgoblins
  10 jackals
  2 kobolds
  4 quokkas
  2 ball python skeletons (Ossuary)
  5 frilled lizards
  2 orc zombies (Ossuary)
  6 rats
120 creatures vanquished.

Notes
Turn   | Place    | Note
-------+----------+-------------------------------------------
     0 | D:1      | Flugkiller the Minotaur Fighter began the quest for the
                  | Orb.
     0 | D:1      | Reached XP level 1. HP: 19/19 MP: 0/0
   275 | D:2      | Reached XP level 2. HP: 27/27 MP: 1/1
   338 | D:2      | Reached skill level 3 in Axes
   624 | D:2      | Reached XP level 3. HP: 26/33 MP: 2/2
  1462 | D:1      | Reached skill level 4 in Axes
  1614 | D:1      | Reached XP level 4. HP: 40/40 MP: 3/3
  2254 | D:3      | Noticed Ijyb
  2258 | D:3      | Paralysed by Ijyb for 2 turns
  2265 | D:3      | Killed Ijyb
  2340 | D:3      | Found a faded altar of an unknown god.
  2430 | D:3      | Noticed Grinder
  2442 | D:3      | Killed Grinder
  2443 | D:3      | Reached skill level 5 in Fighting
  2443 | D:3      | Reached skill level 5 in Axes
  2443 | D:3      | Reached skill level 5 in Armour
  2443 | D:3      | Reached XP level 5. HP: 30/48 MP: 4/4
  2443 | D:3      | Reached XP level 6. HP: 35/56 MP: 5/5
  2779 | D:3      | Found an iron altar of Okawaru.
  2845 | D:3      | Became a worshipper of Warmaster Okawaru
  3021 | D:3      | Noticed Terence
  3024 | D:3      | Found a shadowy altar of Dithmenos.
  3031 | D:3      | Killed Terence
  3032 | D:3      | Reached skill level 6 in Axes
  3326 | D:4      | Found a snail-covered altar of Cheibriados.
  3502 | D:4      | Found a shimmering altar of Xom.
  3502 | D:4      | Found a sparkling altar of Nemelex Xobeh.
  3724 | D:4      | Reached skill level 1 in Invocations
  3914 | D:4      | Found a blossoming altar of Fedhas.
  4017 | D:5      | Entered Level 5 of the Dungeon
  4137 | D:5      | Reached XP level 7. HP: 52/61 MP: 6/6
  4569 | D:5      | Reached skill level 7 in Axes
  4788 | D:5      | Reached * piety under Okawaru
  4898 | D:5      | Found a staircase to the Ecumenical Temple.
  5066 | D:5      | Identified 2 scrolls of acquirement
  5066 | D:5      | Acquired a +5 broad axe of electrocution
  5068 | D:5      | Acquired a manual of Fighting
  5326 | D:6      | Reached XP level 8. HP: 59/71 MP: 8/8
  5429 | D:6      | Reached skill level 8 in Axes
  5653 | D:6      | Found a sand-covered staircase.
  5660 | Ossuary  | Entered an ossuary
  5787 | Ossuary  | Noticed a flying skull
  5794 | Ossuary  | Noticed a flying skull
  5798 | Ossuary  | Noticed a flying skull
  5825 | Ossuary  | Noticed a flying skull
  5906 | Ossuary  | Noticed a flying skull
  5913 | Ossuary  | Reached ** piety under Okawaru
  6033 | Ossuary  | Reached skill level 9 in Axes
  6351 | D:6      | Noticed a hornet
  6358 | D:6      | Paralysed by a hornet for 2 turns
  6365 | D:6      | Paralysed by a hornet for 3 turns
  6366 | D:6      | Slain by a hornet

Illustrated notes

Levels and vault maps discovered:
D:1:      lemuel_arrival_room, layout_loops_cross, minmay_misc_feat_x
D:2:      layout_basic
D:3:      minmay_chambers_of_threes, layout_loops_ring, pf_just_have_faith,
          nicolae_overflow_crystal_walls, ebering_ecumenical_altar_ruins,
          uniq_terence, uniq_ijyb, uniq_grinder
D:4:      layout_loops_ring, gammafunk_temple_overflow_elements,
          kennysheep_mini_moat, cheibrodos_worm_habitat
D:5:      layout_cave_pods, minmay_temple_entry_poolview
D:6:      layout_basic, gup_ossuary_entry_pyramid

Skill      XL: |  1  2  3  4  5  6  7  8 |
---------------+-------------------------+-----
Axes           | 3 4 5 6 7 9 |  9.2
Fighting       | 4 5 6 8 |  8.3
Armour         | 4 5 6 7 |  7.2
Invocations    | 1 2 3 |  3.7
Shields        | |  3.6

Action                   |  1- 3 |  4- 6 |  7- 9 || total
-------------------------+-------+-------+-------++-------
Melee: War axe           |    60 |    93 |    31 ||   184
       Headbutt          |     4 |    10 |    17 ||    31
       Broad axe         |       |       |    61 ||    61
Invok: Heroism           |       |       |     4 ||     4
  Use: Scroll            |       |       |    11 ||    11
       Potion            |       |       |     4 ||     4
Armor: Scale mail        |    28 |    42 |    21 ||    91
Dodge: Dodged            |    24 |    46 |    39 ||   109
Block: Buckler           |    18 |    17 |    20 ||    55
